[Event "4NCL Individual Rapid 10m+10s"]
[Site "Daventry"]
[Date "2013.10.06"]
[Round "1.2"]
[White "Thompson, Robert"]
[Black "Jones, Gawain CB"]
[Result "0-1"]
[ECO "E60"]
[WhiteElo "1962"]
[BlackElo "2638"]
[PlyCount "92"]
[EventDate "2013.10.06"]
[EventType "swiss (rapid)"]
[EventRounds "7"]
[EventCountry "ENG"]
[TimeControl "900+70"]
[WhiteClock "0:04:18"]
[BlackClock "0:05:37"]

1. Nf3 Nf6 2. c4 g6 3. g3 Bg7 4. Bg2 O-O 5. O-O d6 6. d4 Nc6 7. Nc3 Rb8 8. e4
a6 9. h3 b5 10. e5 Nd7 11. cxb5 axb5 12. exd6 cxd6 13. Be3 b4 14. Ne4 d5 15.
Ned2 Nb6 16. Rc1 Qd7 17. Nb3 Na4 18. Nc5 Nxc5 19. Rxc5 Ba6 20. Re1 Rfc8 21. Qc2
b3 22. axb3 Nb4 23. Rxc8+ Rxc8 24. Qd2 Qb7 25. Rc1 Rxc1+ 26. Qxc1 e6 27. Qc3
Bf8 28. Bf1 Bxf1 29. Kxf1 f6 30. Bf4 g5 31. Bd2 h5 32. Qe3 Kf7 33. Bxb4 Bxb4
34. Qd3 Kg7 35. Ne1 Bd6 36. Nc2 Qc8 37. Qc3 Qa6+ 38. Kg2 Qe2 39. Ne3 g4 40.
hxg4 hxg4 41. Qc2 Qf3+ 42. Kh2 Bxg3+ 43. fxg3 Qxe3 44. Qc7+ Kg6 45. Qf4 Qxf4
46. gxf4 Kf7 0-1

[Event "4NCL Individual Rapid 10m+10s"]
[Site "Daventry"]
[Date "2013.10.06"]
[Round "1.3"]
[White "Smerdon, David"]
[Black "Deighton, Simon"]
[Result "1-0"]
[ECO "B30"]
[WhiteElo "2523"]
[BlackElo "1986"]
[PlyCount "35"]
[EventDate "2013.10.06"]
[EventType "swiss (rapid)"]
[EventRounds "7"]
[EventCountry "ENG"]
[TimeControl "900+110"]
[WhiteClock "0:06:14"]
[BlackClock "0:07:23"]

1. e4 c5 2. Nf3 Nc6 3. c3 d5 4. exd5 Qxd5 5. d4 Bg4 6. dxc5 Qxd1+ 7. Kxd1 Bxf3+
8. gxf3 e5 9. b4 a5 10. b5 O-O-O+ 11. Kc2 Nb8 12. Be3 Nd7 13. c6 bxc6 14. bxc6
Nc5 15. Na3 f6 16. Nb5 Nh6 17. Bxh6 gxh6 18. Bh3+ 1-0

[Event "4NCL Individual Rapid 10m+10s"]
[Site "Daventry"]
[Date "2013.10.06"]
[Round "1.4"]
[White "Bourne, Iain"]
[Black "Zakarian, David"]
[Result "0-1"]
[ECO "E46"]
[WhiteElo "1918"]
[BlackElo "2408"]
[PlyCount "54"]
[EventDate "2013.10.06"]
[EventType "swiss (rapid)"]
[EventRounds "7"]
[EventCountry "ENG"]
[TimeControl "900+165"]
[WhiteClock "0:00:44"]
[BlackClock "0:04:06"]

1. d4 Nf6 2. c4 e6 3. Nc3 Bb4 4. e3 O-O 5. Nge2 d5 6. a3 Be7 7. cxd5 exd5 8.
Nf4 c6 9. Bd3 Re8 10. O-O Nbd7 11. Qc2 Nf8 12. b4 a6 13. Rb1 Ng6 14. Nxg6 hxg6
15. a4 Bd6 16. h3 Bc7 17. b5 axb5 18. axb5 Qd6 19. f4 g5 20. bxc6 bxc6 21. g4
gxf4 22. exf4 Ne4 23. Bxe4 dxe4 24. Be3 Ba6 25. Nxe4 Qe7 26. Ng5 Qxe3+ 27. Kh2
Bxf4+ 0-1

[Event "4NCL Individual Rapid 10m+10s"]
[Site "Daventry"]
[Date "2013.10.06"]
[Round "1.6"]
[White "Kane, Robert"]
[Black "Pitcher, John"]
[Result "0-1"]
[ECO "D11"]
[WhiteElo "1862"]
[BlackElo "2246"]
[PlyCount "68"]
[EventDate "2013.10.06"]
[EventType "swiss (rapid)"]
[EventRounds "7"]
[EventCountry "ENG"]
[TimeControl "900+105"]
[WhiteClock "0:01:35"]
[BlackClock "0:02:53"]

1. d4 d5 2. Nf3 Nf6 3. e3 c6 4. Bd3 Bg4 5. c4 a6 6. Qb3 Bxf3 7. gxf3 Ra7 8. Nc3
e6 9. cxd5 cxd5 10. Bd2 Nc6 11. Na4 Nd7 12. Rc1 Be7 13. a3 O-O 14. Qc2 h6 15.
b4 e5 16. dxe5 Ndxe5 17. Be2 d4 18. Qf5 g6 19. Qh3 h5 20. f4 Qd5 21. O-O d3 22.
Bxh5 gxh5 23. fxe5 Nxe5 24. f4 Ng4 25. e4 Qd4+ 26. Kg2 Qxe4+ 27. Qf3 f5 28. Rc7
Bd6 29. Rd7 Qe6 30. Rxd6 Qxd6 31. Kh3 b5 32. Nc5 Re7 33. Qd1 Re2 34. Rh1 Nf2+
0-1

[Event "4NCL Individual Rapid 10m+10s"]
[Site "Daventry"]
[Date "2013.10.06"]
[Round "1.7"]
[White "Harvey, Marcus R"]
[Black "Burke, Steven J"]
[Result "1-0"]
[ECO "A07"]
[WhiteElo "2232"]
[BlackElo "2002"]
[PlyCount "83"]
[EventDate "2013.10.06"]
[EventType "swiss (rapid)"]
[EventRounds "7"]
[EventCountry "ENG"]
[TimeControl "900+115"]
[WhiteClock "0:08:01"]
[BlackClock "0:05:41"]

1. g3 d5 2. Nf3 c6 3. Bg2 Bf5 4. O-O e6 5. d3 Nf6 6. Nbd2 Be7 7. Nh4 Bg6 8.
Nxg6 hxg6 9. e4 Nbd7 10. Qe2 dxe4 11. Nxe4 Nxe4 12. Qxe4 Nf6 13. Qa4 O-O 14.
Re1 Qb6 15. Be3 Qb4 16. Qxb4 Bxb4 17. c3 Ba5 18. b4 Bb6 19. d4 Bc7 20. a4 Nd5
21. Bd2 Nb6 22. Bf1 Rfe8 23. a5 Nd5 24. c4 Nf6 25. a6 b6 26. Bg2 Red8 27. Bxc6
Rab8 28. Bc3 Rd6 29. b5 Rbd8 30. f4 Nd7 31. Rad1 Nb8 32. Bf3 R8d7 33. Kf2 Bd8
34. c5 bxc5 35. dxc5 Rxd1 36. Rxd1 Rxd1 37. Bxd1 Be7 38. Bd4 Kf8 39. c6 Bd6 40.
Bxa7 Ke8 41. Be3 Kd8 42. a7 1-0

[Event "4NCL Individual Rapid 10m+10s"]
[Site "Daventry"]
[Date "2013.10.06"]
[Round "1.2"]
[White "Foley, John P"]
[Black "Mayhew, Andrew"]
[Result "0-1"]
[ECO "D00"]
[WhiteElo "2018"]
[BlackElo "2058"]
[PlyCount "40"]
[EventDate "2013.10.06"]
[EventType "swiss (rapid)"]
[EventRounds "7"]
[EventCountry "ENG"]
[TimeControl "900+130"]
[WhiteClock "0:02:51"]
[BlackClock "0:02:14"]

1. d4 Nf6 2. Nf3 g6 3. Bf4 Bg7 4. Nc3 d5 5. e3 O-O 6. Be2 a6 7. h3 c5 8. O-O
cxd4 9. exd4 Nc6 10. Re1 Ne4 11. Ne5 Nxc3 12. bxc3 Nxe5 13. dxe5 Be6 14. Qd2
Qc7 15. Bf3 Rfd8 16. Rab1 Rac8 17. g4 Qxc3 18. Rxb7 d4 19. a4 Qxf3 20. Bg3 Qxb7
0-1

[Event "4NCL Individual Rapid 10m+10s"]
[Site "Daventry"]
[Date "2013.10.06"]
[Round "1.3"]
[White "Sowray, Peter J"]
[Black "Davies, Matthew"]
[Result "1-0"]
[ECO "D17"]
[WhiteElo "2335"]
[BlackElo "1929"]
[PlyCount "65"]
[EventDate "2013.10.06"]
[EventType "swiss (rapid)"]
[EventRounds "7"]
[EventCountry "ENG"]
[TimeControl "900+130"]
[WhiteClock "0:02:01"]
[BlackClock "0:00:25"]

1. d4 d5 2. c4 c6 3. Nf3 Nf6 4. Nc3 dxc4 5. a4 Bf5 6. Ne5 Nbd7 7. Nxc4 Nb6 8.
Ne5 e6 9. f3 h6 10. e4 Bh7 11. Be3 Be7 12. Be2 O-O 13. O-O Nbd7 14. Nd3 a5 15.
Qd2 Re8 16. Rfd1 Bf8 17. Nf2 Bb4 18. Rac1 e5 19. dxe5 Nxe5 20. Qxd8 Raxd8 21.
Na2 c5 22. Nxb4 cxb4 23. Bb6 Rxd1+ 24. Rxd1 Nc6 25. Bb5 Ra8 26. Rd6 Kf8 27.
Bxc6 bxc6 28. Rxc6 Nd7 29. Bd4 f6 30. Nd3 Bg8 31. Rc7 Ke8 32. Kf2 Bb3 33. Rxd7
1-0

[Event "4NCL Individual Rapid 10m+10s"]
[Site "Daventry"]
[Date "2013.10.06"]
[Round "1.8"]
[White "Meadows, Michael"]
[Black "Okike, David"]
[Result "1/2-1/2"]
[ECO "B61"]
[WhiteElo "1764"]
[BlackElo "2152"]
[PlyCount "150"]
[EventDate "2013.10.06"]
[EventType "swiss (rapid)"]
[EventRounds "7"]
[EventCountry "ENG"]
[TimeControl "900+200"]
[WhiteClock "0:00:36"]
[BlackClock "0:05:33"]

1. e4 c5 2. Nf3 Nc6 3. d4 cxd4 4. Nxd4 Nf6 5. Nc3 d6 6. Bg5 Bd7 7. Qd2 Nxd4 8.
Qxd4 a6 9. O-O-O Rc8 10. Kb1 Qa5 11. f4 Qc5 12. Qxc5 Rxc5 13. Bd3 Ng4 14. Rd2
h6 15. Bh4 g5 16. Bg3 Bg7 17. Nd5 e6 18. h3 exd5 19. hxg4 dxe4 20. Bxe4 Rb5 21.
b3 gxf4 22. Bxf4 Be5 23. Rxh6 Rxh6 24. Bxh6 Bxg4 25. c4 Rc5 26. Bxb7 Bf5+ 27.
Kc1 a5 28. Rd5 Rc7 29. Ba6 Be4 30. Rxa5 Bxg2 31. Bb5+ Ke7 32. Kd2 f5 33. Ra6
Kf6 34. Bf8 Ke6 35. b4 Rf7 36. Bxd6 Bxd6 37. c5 Rb7 38. Rxd6+ Ke5 39. a4 f4 40.
Rd7 Rb8 41. Re7+ Kf6 42. Re8 Rb7 43. c6 Rc7 44. Rh8 Ke5 45. Rh6 Rc8 46. a5 Rd8+
47. Kc3 f3 48. Rh7 Rd1 49. Kc2 Rd8 50. c7 Rc8 51. Rf7 f2 52. Rxf2 Be4+ 53. Kb3
Rxc7 54. Rd2 Bd5+ 55. Ka4 Rc1 56. Be8 Bc4 57. b5 Rb1 58. b6 Ba6 59. Bc6 Ra1+
60. Kb4 Rb1+ 61. Ka3 Bc4 62. Rb2 Ra1+ 63. Kb4 Ba6 64. b7 Bxb7 65. Bxb7 Kd6 66.
a6 Kc7 67. Kb5 Rc1 68. Bd5 Ra1 69. Ra2 Rb1+ 70. Ka5 Rd1 71. Rc2+ Kb8 72. Rc5
Ka7 73. Rc7+ Kb8 74. a7+ Kxc7 75. a8=Q Ra1+ 1/2-1/2

[Event "4NCL Individual Rapid 10m+10s"]
[Site "Daventry"]
[Date "2013.10.06"]
[Round "2.2"]
[White "Duggan, Christopher"]
[Black "Sowray, Peter J"]
[Result "1/2-1/2"]
[ECO "B12"]
[WhiteElo "2036"]
[BlackElo "2335"]
[PlyCount "78"]
[EventDate "2013.10.06"]
[EventType "swiss (rapid)"]
[EventRounds "7"]
[EventCountry "ENG"]
[TimeControl "900+135"]
[WhiteClock "0:00:46"]
[BlackClock "0:03:25"]

1. e4 c6 2. d4 d5 3. e5 Bf5 4. Nf3 e6 5. Be2 c5 6. O-O Nc6 7. Re1 cxd4 8. Nxd4
Nxd4 9. Qxd4 Ne7 10. Bg5 Nc6 11. Qd2 Be7 12. Bxe7 Qxe7 13. Bd3 Bxd3 14. cxd3
O-O 15. d4 Qb4 16. Rd1 Qxd2 17. Rxd2 Rfc8 18. Nc3 Na5 19. Nb5 Rc6 20. Nd6 Nc4
21. Nxc4 Rxc4 22. Kf1 Rac8 23. Ke2 Kf8 24. Kd3 Ke7 25. Re1 b5 26. Ree2 Kd7 27.
Rc2 a5 28. b3 Rxc2 29. Rxc2 Rxc2 30. Kxc2 f6 31. f4 fxe5 32. fxe5 Ke7 33. Kd3
Kf7 34. a3 Kg6 35. Ke3 Kf5 36. h3 h5 37. g3 Kg5 38. Kf3 Kf5 39. Ke3 Kg5 1/2-1/2

[Event "4NCL Individual Rapid 10m+10s"]
[Site "Daventry"]
[Date "2013.10.06"]
[Round "2.3"]
[White "Snape, Ian L"]
[Black "Taylor, Mark V"]
[Result "1-0"]
[ECO "C18"]
[WhiteElo "2218"]
[BlackElo "2087"]
[PlyCount "61"]
[EventDate "2013.10.06"]
[EventType "swiss (rapid)"]
[EventRounds "7"]
[EventCountry "ENG"]
[TimeControl "900+245"]
[WhiteClock "0:03:11"]
[BlackClock "0:00:52"]

1. e4 e6 2. d4 d5 3. Nc3 Bb4 4. e5 c5 5. a3 Bxc3+ 6. bxc3 Ne7 7. Qg4 Qc7 8.
Qxg7 Rg8 9. Qxh7 cxd4 10. Ne2 Nbc6 11. f4 Bd7 12. Qd3 dxc3 13. Rg1 O-O-O 14.
Rb1 d4 15. g4 Ng6 16. Rg3 Be8 17. g5 Rh8 18. Bh3 Ncxe5 19. fxe5 Nxe5 20. Qe4
Bc6 21. Qf4 d3 22. Nxc3 dxc2 23. Rb3 Nd3+ 24. Rxd3 Rxd3 25. Qxc7+ Kxc7 26. Bf1
Rdd8 27. Rb2 Kc8 28. Rxc2 a6 29. Bf4 e5 30. Bxe5 Rhe8 31. Bh3+ 1-0

[Event "4NCL Individual Rapid 10m+10s"]
[Site "Daventry"]
[Date "2013.10.06"]
[Round "2.5"]
[White "Talsma, Paul"]
[Black "Chan, Nevil"]
[Result "1/2-1/2"]
[ECO "A40"]
[WhiteElo "2192"]
[BlackElo "2027"]
[PlyCount "77"]
[EventDate "2013.10.06"]
[EventType "swiss (rapid)"]
[EventRounds "7"]
[EventCountry "ENG"]
[TimeControl "900+130"]
[WhiteClock "0:03:45"]
[BlackClock "0:04:55"]

1. d4 Nc6 2. d5 Ne5 3. e4 Ng6 4. g3 e5 5. h4 h5 6. Be2 Nf6 7. Bg5 Bc5 8. Nc3
Bd4 9. Nf3 Bxc3+ 10. bxc3 d6 11. Nd2 Bg4 12. Bxg4 hxg4 13. Bxf6 Qxf6 14. Qxg4
Nf8 15. Rb1 b6 16. Qe2 Qd8 17. Qb5+ Qd7 18. O-O a6 19. Qxd7+ Nxd7 20. Kg2 Ke7
21. Rh1 g6 22. Rh3 Rh7 23. g4 Rah8 24. Rbh1 Nc5 25. h5 gxh5 26. gxh5 Rh6 27. f3
Nd7 28. Nf1 f5 29. Ne3 Rg8+ 30. Kf2 Kf6 31. Nxf5 Rh7 32. h6 Nf8 33. Rg3 Rxg3
34. Kxg3 Ng6 35. Kf2 Nf4 36. Rh4 Ng6 37. Rg4 Kf7 38. Rg5 Kf6 39. Rg4 1/2-1/2

[Event "4NCL Individual Rapid 10m+10s"]
[Site "Daventry"]
[Date "2013.10.06"]
[Round "2.1"]
[White "Basman, Michael"]
[Black "Hebden, Mark"]
[Result "0-1"]
[ECO "A00"]
[WhiteElo "2340"]
[BlackElo "2548"]
[PlyCount "87"]
[EventDate "2013.10.06"]
[EventType "swiss (rapid)"]
[EventRounds "7"]
[EventCountry "ENG"]
[TimeControl "900+75"]
[WhiteClock "0:04:17"]
[BlackClock "0:06:43"]

1. g4 d5 2. h3 e5 3. Bg2 c6 4. d4 Nd7 5. c4 e4 6. Nc3 Nb6 7. c5 Nc4 8. b3 Na5
9. f3 exf3 10. Nxf3 b6 11. O-O bxc5 12. Na4 Nf6 13. dxc5 Be7 14. Nd4 O-O 15.
Bb2 Bd7 16. Rc1 Ne8 17. Rc3 Nc7 18. Rcf3 Rb8 19. Nf5 Bxf5 20. Rxf5 Ne6 21. e4
dxe4 22. Bxe4 Qxd1 23. Rxd1 g6 24. Rf3 Ng5 25. Re3 Nc4 26. bxc4 Rxb2 27. Nxb2
Bxc5 28. Bxc6 Bxe3+ 29. Kg2 Rb8 30. Nd3 Ne6 31. Kf3 Nd4+ 32. Kxe3 Nxc6 33. Ke4
Kf8 34. Kd5 Nb4+ 35. Nxb4 Rd8+ 36. Kc6 Rxd1 37. c5 f5 38. gxf5 gxf5 39. Kb7 Rb1
40. a3 a5 41. c6 axb4 42. a4 b3 43. c7 Rc1 44. a5 0-1

[Event "4NCL Individual Rapid 10m+10s"]
[Site "Daventry"]
[Date "2013.10.06"]
[Round "2.2"]
[White "Jones, Gawain CB"]
[Black "Healey, Michael W"]
[Result "1-0"]
[ECO "A00"]
[WhiteElo "2638"]
[BlackElo "2091"]
[PlyCount "45"]
[EventDate "2013.10.06"]
[EventType "swiss (rapid)"]
[EventRounds "7"]
[EventCountry "ENG"]
[TimeControl "900+75"]
[WhiteClock "0:09:05"]
[BlackClock "0:08:28"]

1. a3 g5 2. d4 h6 3. e4 d6 4. h4 gxh4 5. Nf3 Bg7 6. Rxh4 Nc6 7. Bb5 Bd7 8. Nc3
e5 9. Bxc6 Bxc6 10. d5 Bd7 11. Be3 Ne7 12. Qd2 Ng6 13. Rh2 h5 14. O-O-O Qe7 15.
Rdh1 Bg4 16. Nh4 Bf6 17. Nf5 Bxf5 18. exf5 Nh4 19. Ne4 Nxf5 20. Rxh5 Kd7 21.
Qe2 Nxe3 22. Qb5+ c6 23. Qxb7+ 1-0

[Event "4NCL Individual Rapid 10m+10s"]
[Site "Daventry"]
[Date "2013.10.06"]
[Round "2.3"]
[White "Mason, Donald J"]
[Black "Smerdon, David"]
[Result "1/2-1/2"]
[ECO "D00"]
[WhiteElo "2204"]
[BlackElo "2523"]
[Annotator "Saunders,John"]
[PlyCount "152"]
[EventDate "2013.10.06"]
[EventType "swiss (rapid)"]
[EventRounds "7"]
[EventCountry "ENG"]
[TimeControl "900+175"]
[WhiteClock "0:00:52"]
[BlackClock "0:01:43"]

1. e4 d5 2. d4 dxe4 3. Nc3 Nf6 4. f3 Nbd7 5. fxe4 e5 6. dxe5 Nxe5 7. Qxd8+ Kxd8
8. Nf3 Bd6 9. Bg5 h6 10. Bxf6+ gxf6 11. O-O-O Be6 12. Nb5 Ke7 13. Nxd6 cxd6 14.
Nxe5 fxe5 15. Be2 Rac8 16. Kb1 Rhg8 17. Bf3 Bg4 18. Rd2 Bxf3 19. gxf3 Rg6 20.
Rf1 Rcg8 21. c4 Rg1 22. Rxg1 Rxg1+ 23. Kc2 Rf1 24. Rd3 Rf2+ 25. Kb1 Rxh2 26.
Ra3 a6 27. Rb3 Rf2 28. Rxb7+ Ke6 29. Rb6 Rxf3 30. c5 Rd3 31. c6 d5 32. c7+ Kd7
33. Rc6 Kc8 34. exd5 Rxd5 35. Rxa6 Kxc7 36. Ra7+ Kd6 37. Rxf7 e4 38. Rf6+ Ke5
39. Rxh6 e3 40. Rh5+ Ke4 41. Rxd5 e2 42. Kc2 e1=Q 43. Rd2 Qf1 44. a3 Qc4+ 45.
Kb1 Ke3 46. Rd1 Ke2 47. Rc1 Qe4+ 48. Ka2 Kd2 49. Rc3 Qh1 50. a4 Qd5+ 51. Kb1
Qe4+ 52. Ka2 Qxa4+ 53. Ra3 Qc4+ 54. Kb1 Qh4 55. Rc3 Ke2 56. Ka2 Qh1 57. Rc2+
Kd3 58. Rc3+ Kd4 59. Ra3 Qd5+ 60. Kb1 Ke4 ({The text line is a reconstruction
of what might have happened, based on moves recorded by the board after the
following illegal line was registered by the software:} 60... Kc4 61. Rc3+ {
The online display shows Black now played the illegal move 61...Qd2 followed
by 62.Ka2 Kd4 63.Ra3 Qe1 64.Rc3 Qe6 65.Kb1 Kd5 66.Rd3 Kc6 67.Rc3 Kb6 68.Ra3
Kc5 69.Rc3 Qg6 70.Ka2 Qg8 71.Kb1 Kd4 72.Ra3 Qg1 73.Ka2 Qd1 74.Rc3 Qa4 75.Kb1
Qb4 76.Ka2 Qxc3 draw}) 61. Rc3 Qd2 62. Ka2 Kd4 63. Ra3 Qe1 64. Rc3 Qe6+ 65. Kb1
Kd5 66. Rd3+ Kc6 67. Rc3+ Kb6 68. Ra3 Kc5 69. Rc3+ Kd5 70. Ka2 Qg8 71. Kb1 Kd4
72. Ra3 Qg1+ 73. Ka2 Qd1 74. Rc3 Qa4+ 75. Kb1 Qb4 76. Ka2 Qxc3 1/2-1/2

[Event "4NCL Individual Rapid 10m+10s"]
[Site "Daventry"]
[Date "2013.10.06"]
[Round "2.4"]
[White "Zakarian, David"]
[Black "Josse, Mark"]
[Result "1-0"]
[ECO "B40"]
[WhiteElo "2408"]
[BlackElo "2173"]
[PlyCount "91"]
[EventDate "2013.10.06"]
[EventType "swiss (rapid)"]
[EventRounds "7"]
[EventCountry "ENG"]
[TimeControl "900+135"]
[WhiteClock "0:01:21"]
[BlackClock "0:02:15"]

1. e4 c5 2. Nf3 e6 3. b3 a6 4. Bb2 Nc6 5. c4 d6 6. Be2 Nf6 7. Nc3 Be7 8. O-O
O-O 9. d4 cxd4 10. Nxd4 Bd7 11. Nc2 Qc7 12. Rc1 Rac8 13. Kh1 Rfe8 14. f4 Bf8
15. Qd3 Qb8 16. Bf3 Rcd8 17. g4 h6 18. Rg1 Nh7 19. Ne2 b5 20. cxb5 axb5 21. a3
e5 22. f5 Be7 23. Ne3 Bg5 24. Rc2 Bxe3 25. Qxe3 b4 26. a4 Ng5 27. Bg2 Na5 28.
h4 Nh7 29. Rd2 Bc6 30. g5 hxg5 31. hxg5 Qb7 32. Rgd1 Qb8 33. Ng3 Nb7 34. Bf3
Nc5 35. Rg1 Qb7 36. Rgd1 Qb8 37. Rg1 Qb7 38. Rgd1 Qe7 39. f6 gxf6 40. Nf5 Qf8
41. Rg1 fxg5 42. Rxg5+ Kh8 43. Rh2 f6 44. Rg7 Qxg7 45. Nxg7 Kxg7 46. Qh6+ 1-0

[Event "4NCL Individual Rapid 10m+10s"]
[Site "Daventry"]
[Date "2013.10.06"]
[Round "2.6"]
[White "Pitcher, John"]
[Black "Emerson, Roger"]
[Result "1-0"]
[ECO "B23"]
[WhiteElo "2246"]
[BlackElo "2214"]
[PlyCount "71"]
[EventDate "2013.10.06"]
[EventType "swiss (rapid)"]
[EventRounds "7"]
[EventCountry "ENG"]
[TimeControl "900+95"]
[WhiteClock "0:03:56"]
[BlackClock "0:00:28"]

1. e4 c5 2. Nc3 e6 3. g3 d5 4. exd5 exd5 5. Bg2 d4 6. Nd5 Nc6 7. d3 Be6 8. Nf4
Bd6 9. Nxe6 fxe6 10. Qh5+ g6 11. Qe2 Qf6 12. Nf3 h6 13. Bd2 Nge7 14. O-O O-O-O
15. Rfe1 e5 16. a3 Kb8 17. b4 cxb4 18. axb4 Rde8 19. b5 Nd8 20. Ba5 Ne6 21.
Nxe5 Bxe5 22. Qxe5+ Qxe5 23. Rxe5 Nf5 24. Rae1 Neg7 25. c4 dxc3 26. Bxc3 Rc8
27. Ba1 Rhd8 28. Be4 Rd7 29. h3 Rdc7 30. Kg2 Rc1 31. Bd5 Rxe1 32. Rxe1 Nh5 33.
Be5+ Ka8 34. b6 Re8 35. f4 Ne7 36. Ra1 1-0

[Event "4NCL Individual Rapid 10m+10s"]
[Site "Daventry"]
[Date "2013.10.06"]
[Round "2.7"]
[White "Hall, John"]
[Black "Harvey, Marcus R"]
[Result "0-1"]
[ECO "C11"]
[WhiteElo "2269"]
[BlackElo "2232"]
[PlyCount "106"]
[EventDate "2013.10.06"]
[EventType "swiss (rapid)"]
[EventRounds "7"]
[EventCountry "ENG"]
[TimeControl "900+90"]
[WhiteClock "0:03:07"]
[BlackClock "0:10:51"]

1. e4 e6 2. d4 d5 3. Nc3 Nf6 4. Bg5 dxe4 5. Nxe4 Be7 6. Bxf6 gxf6 7. Nf3 f5 8.
Nc3 a6 9. Bc4 b5 10. Bb3 c5 11. dxc5 Qxd1+ 12. Rxd1 Bxc5 13. Ne5 Nd7 14. Nd3
Be7 15. O-O Bb7 16. Nf4 Nc5 17. Rfe1 Rg8 18. g3 Rd8 19. Rxd8+ Kxd8 20. Rd1+ Kc7
21. Nd3 Bf3 22. Re1 Nxd3 23. cxd3 Rd8 24. Re3 Bc6 25. Bc2 Bc5 26. Re1 Bd4 27.
a3 Kb6 28. Kf1 Bf3 29. Bd1 Bxc3 30. bxc3 Rxd3 31. Bxf3 Rxf3 32. Rc1 Rd3 33. Ke2
Rd7 34. Rb1 Rc7 35. Kd3 Rc4 36. Kc2 Re4 37. Kd3 Ra4 38. Rb4 Ka5 39. Kd4 Rxa3
40. Rb2 f6 41. f4 Ra4+ 42. Kc5 Rc4+ 43. Kd6 Rxc3 44. Kxe6 b4 45. Kxf5 Rc6 46.
g4 Kb5 47. g5 fxg5 48. fxg5 a5 49. h4 a4 50. h5 a3 51. Re2 b3 52. g6 hxg6+ 53.
hxg6 Rxg6 0-1

[Event "4NCL Individual Rapid 10m+10s"]
[Site "Daventry"]
[Date "2013.10.06"]
[Round "2.8"]
[White "McGann, Gary"]
[Black "Wall, Gavin"]
[Result "0-1"]
[ECO "A80"]
[WhiteElo "2128"]
[BlackElo "2333"]
[PlyCount "53"]
[EventDate "2013.10.06"]
[EventType "swiss (rapid)"]
[EventRounds "7"]
[EventCountry "ENG"]
[TimeControl "900+100"]
[WhiteClock "0:05:20"]
[BlackClock "0:04:41"]

1. d4 f5 2. Bf4 Nf6 3. g4 Nxg4 4. e4 d5 5. f3 Nf6 6. e5 Nh5 7. Bg5 b6 8. Bd3 h6
9. Be3 e6 10. Ne2 Ba6 11. Bxa6 Nxa6 12. c3 Qd7 13. Qd3 Nb8 14. Nd2 Nc6 15. b4
Be7 16. Nb3 a5 17. b5 Na7 18. a4 c6 19. bxc6 Qxc6 20. Kd2 Qc4 21. Qxc4 dxc4 22.
Nbc1 Kd7 23. d5 exd5 24. Bxb6 Rhb8 25. Bxa7 Rxa7 26. Nd4 Rb2+ 27. Ke1 0-1

[Event "4NCL Individual Rapid 10m+10s"]
[Site "Daventry"]
[Date "2013.10.06"]
[Round "3.1"]
[White "Hebden, Mark"]
[Black "Pritchett, Craig W"]
[Result "1-0"]
[ECO "A46"]
[WhiteElo "2548"]
[BlackElo "2359"]
[PlyCount "37"]
[EventDate "2013.10.06"]
[EventType "swiss (rapid)"]
[EventRounds "7"]
[EventCountry "ENG"]
[TimeControl "900+150"]
[WhiteClock "0:10:12"]
[BlackClock "0:02:06"]

1. d4 Nf6 2. Nf3 e6 3. c3 c5 4. Bg5 Be7 5. Nbd2 d5 6. e3 Nc6 7. Bd3 h6 8. Bf4
cxd4 9. exd4 O-O 10. O-O Nh5 11. Be3 Bd6 12. Ne5 Nf6 13. Bf4 Re8 14. Re1 Bf8
15. Re3 Nxe5 16. dxe5 Nd7 17. Rg3 Kh8 18. Qh5 Nc5 19. Bxh6 1-0

[Event "4NCL Individual Rapid 10m+10s"]
[Site "Daventry"]
[Date "2013.10.06"]
[Round "3.4"]
[White "Bhatia, Kanwal"]
[Black "Pitcher, John"]
[Result "1/2-1/2"]
[ECO "B22"]
[WhiteElo "2039"]
[BlackElo "2246"]
[PlyCount "129"]
[EventDate "2013.10.06"]
[EventType "swiss (rapid)"]
[EventRounds "7"]
[EventCountry "ENG"]
[TimeControl "900+105"]
[WhiteClock "0:00:24"]
[BlackClock "0:01:36"]

1. e4 c5 2. c3 b6 3. d4 Bb7 4. Bd3 cxd4 5. cxd4 Nf6 6. Nc3 e6 7. Nf3 Bb4 8. e5
Nd5 9. Bd2 Nxc3 10. bxc3 Be7 11. O-O Nc6 12. Qe2 d5 13. Ne1 h5 14. f4 g6 15.
Nf3 Qd7 16. a4 Na5 17. Ra2 Rc8 18. Be1 Nc4 19. Bh4 Rc7 20. Bxe7 Qxe7 21. Rb1 h4
22. Ng5 Kf8 23. Qg4 Bc8 24. Qf3 Rh5 25. Bxc4 dxc4 26. a5 Bb7 27. Qe2 Rxg5 28.
fxg5 Qxg5 29. h3 Qf5 30. Rf1 Qd3 31. axb6 axb6 32. Qb2 Be4 33. Qxb6 Qe3+ 34.
Raf2 Rb7 35. Qd8+ Kg7 36. Qf6+ Kg8 37. Qd8+ Kg7 38. Qf6+ Kg8 39. Qxh4 Bf5 40.
Kh2 Qxc3 41. Qd8+ Kg7 42. g4 Rb3 43. Qf6+ Kg8 44. Qd8+ Kg7 45. Rf3 Rb2+ 46. Kg3
Qd2 47. R1f2 Qe1 48. Qf6+ Kg8 49. Qd8+ Kg7 50. Qf6+ Kg8 51. Qd8+ Kg7 52. Qf6+
Kg8 53. Qd8+ Kg7 54. Qf6+ Kg8 55. Qd8+ Kg7 56. Qf6+ Kg8 57. gxf5 Qg1+ 58. Kf4
Rxf2 59. Qd8+ Kg7 60. Qf6+ Kg8 61. Qd8+ Kg7 62. Qf6+ Kg8 63. Qd8+ Kg7 64. Qf6+
Kg8 65. Qd8+ 1/2-1/2

[Event "4NCL Individual Rapid 10m+10s"]
[Site "Daventry"]
[Date "2013.10.06"]
[Round "3.6"]
[White "Smerdon, David"]
[Black "Coleman, James"]
[Result "1-0"]
[ECO "C47"]
[WhiteElo "2523"]
[BlackElo "2127"]
[PlyCount "65"]
[EventDate "2013.10.06"]
[EventType "swiss (rapid)"]
[EventRounds "7"]
[EventCountry "ENG"]
[TimeControl "900+220"]
[WhiteClock "0:03:22"]
[BlackClock "0:02:29"]

1. e4 e5 2. Nf3 Nc6 3. Nc3 Nf6 4. d4 exd4 5. Nxd4 Bb4 6. Nxc6 bxc6 7. Bd3 d5 8.
exd5 O-O 9. O-O cxd5 10. h3 c6 11. Qf3 Bd6 12. Bg5 Rb8 13. Rab1 Re8 14. Ne2 h6
15. Bxf6 Qxf6 16. Qxf6 gxf6 17. Ng3 Kf8 18. Nh5 Be5 19. c3 f5 20. f4 Bd6 21.
Rf3 Bc5+ 22. Kh2 Re3 23. Kg3 Bd7 24. Rxe3 Bxe3 25. Kf3 Bc5 26. b4 Bd6 27. Ng3
d4 28. Bxf5 Be8 29. Rd1 c5 30. bxc5 Bxc5 31. cxd4 Rd8 32. d5 Bc6 33. dxc6 1-0

[Event "4NCL Individual Rapid 10m+10s"]
[Site "Daventry"]
[Date "2013.10.06"]
[Round "3.7"]
[White "Merry, Alan B"]
[Black "Duggan, Christopher"]
[Result "1-0"]
[ECO "B23"]
[WhiteElo "2297"]
[BlackElo "2036"]
[PlyCount "57"]
[EventDate "2013.10.06"]
[EventType "swiss (rapid)"]
[EventRounds "7"]
[EventCountry "ENG"]
[TimeControl "900+190"]
[WhiteClock "0:06:42"]
[BlackClock "0:00:48"]

1. e4 c5 2. g3 d5 3. Nc3 e6 4. Bg2 Nf6 5. d3 Nc6 6. Nge2 Be7 7. O-O O-O 8. h3
Bd7 9. exd5 Nxd5 10. Nxd5 exd5 11. d4 cxd4 12. Nxd4 Bf6 13. Be3 Qc8 14. Kh2
Nxd4 15. Bxd4 Bxd4 16. Qxd4 Qxc2 17. Rac1 Qa4 18. Qxa4 Bxa4 19. Bxd5 Rfd8 20.
Bxb7 Rab8 21. Rc7 Rd2 22. b3 Bb5 23. Re1 Rxa2 24. Kg1 Kf8 25. Bd5 Be8 26. Ree7
Kg8 27. Bxf7+ Bxf7 28. Rxf7 Rxb3 29. Rxg7+ 1-0